 Dungeon Sprint DCSS version 0.31.0-9-g3a7656b989 (webtiles) character file.

Game seed: 18244234107893256156

1768 Heoruswealwe the Impaler (level 8, 0/84 HPs)
             Began as a Minotaur Fighter on Feb 1, 2024.
             Was an Initiate of Gozag.
             Slain by a shadow (29 damage)
             ... in the Dungeon (Sprint IX: "|||||||||||||||||||||||||||||").
             The game lasted 00:03:04 (236 turns).

Heoruswealwe the Impaler (Minotaur Fighter)          Turns: 236, Time: 00:03:06

Health: 0/84       AC: 17    Str: 24    XL:     8   Next: 80%
Magic:  7/7        EV: 10    Int:  5    God:    Gozag
Gold:   738        SH:  0    Dex:  9    Spells: 7/7 levels left

rFire   . . .        b - +5 glaive of the Guard {elec, spectral}
rCold   . . .        (shield currently unavailable)
rNeg    . . .        c - +1 scale mail
rPois   .            (helmet restricted)
rElec   .            h - +0 cloak
rCorr   .            f - +0 pair of gloves
SInv    .            (no boots)
Will    .....        (no amulet) Stlth
                     k - +2 ring of protection
HPRegen 0.34/turn    j - +2 ring of protection
MPRegen 0.10/turn

%: no teleportation
@: gold aura
A: horns 2, retaliatory headbutt
a: Renounce Religion, Potion Petition, Call Merchant, Bribe Branch


You were in the Dungeon.
You worshipped Gozag.
Gozag was pleased with you.
You visited 1 branch You collected 738 gold pieces.

Inventory:

Hand Weapons
 a - a +0 trident
 b - the +5 glaive of the Guard (weapon) {elec, spectral}
   (You found it in the Dungeon)
Armour
 c - a +1 scale mail (worn)
 d - a +0 buckler
 f - a +0 pair of gloves (worn)
 h - a +0 cloak (worn)
Jewellery
 j - a +2 ring of protection (right hand)
 k - a +2 ring of protection (left hand)
Wands
 l - a wand of quicksilver (10)
Scrolls
 o - 2 scrolls of blinking
Potions
 e - 5 potions of curing
 g - a potion of haste
 i - a potion of berserk rage
 m - a potion of heal wounds
 n - a potion of might


   Skills:
 + Level 12.3 Fighting
 * Level 16.5 Polearms
 + Level 12.4 Armour
 - Level 3.6 Shields


You had 7 spell levels left.
You didn't know any spells.
Your spell library was empty.

Dungeon Overview and Level Annotations

Branches:
Dungeon (1/1)

Altars:
Cheibriados
Dithmenos
Elyvilon
Fedhas
Gozag
Hepliaklqana
Kikubaaqudgha
Makhleb
Nemelex Xobeh
Okawaru
Qazlal
Ru
Sif Muna
Trog
Uskayaw
Vehumet
Wu Jian
Xom
Yredelemnul
Zin
The Shining One
Jiyva
Lugonu


Innate Abilities, Weirdness & Mutations

You have a pair of horns on your head.
You reflexively headbutt those who attack you in melee.


Message History

The gargoyle is lightly damaged.
Your +5 glaive of the Guard {elec, spectral} barely misses the gargoyle.
The gargoyle hurls a stone arrow at you.
The stone arrow hits your +5 glaive of the Guard {elec, spectral}!!
Your spectral weapon shares its damage with you!
Your +5 glaive of the Guard {elec, spectral} disappears.
The gargoyle hurls a stone arrow at you.
The stone arrow misses you.
The laughing skull is distracted by your dazzling golden aura.
The gargoyle hurls a stone arrow at you.
The stone arrow hits you!
There is an open door, spattered with blood here.
You see here 63 gold pieces.
The laughing skull gives a hideous shriek!
You slice the gargoyle!!
The gargoyle is almost destroyed.
Your +5 glaive of the Guard {elec, spectral} hits the gargoyle from afar.
The gargoyle hurls a stone arrow at you.
The stone arrow hits you!!
* * * LOW HITPOINT WARNING * * *
You feel much better.
Your +5 glaive of the Guard {elec, spectral} disappears.
The gargoyle hits you with a +0 morningstar!!
* * * LOW HITPOINT WARNING * * *
You feel much better.
The gargoyle hurls a stone arrow at you.
The stone arrow hits you!
You slice the gargoyle!!
You destroy the gargoyle!
Your Fighting skill increases to level 12!
Your Polearms skill increases to level 16!
Your Armour skill increases to level 12!
Reach: b) +5 glaive of the Guard {elec, spectral}
Press: ? - help, Dir - move target, f - cyclops
Aim: a cyclops, quivering large rocks (about 11% to evade the +5 glaive of the Guard)
You reach to attack!
You hit the cyclops.
The cyclops is lightly wounded.
The shadow strikes at you from the darkness!
You die...
Your body crumbles into a pile of gold. ▓▓▓▓▓▓▓▓▓▓▓▓▓▓▓▓▓▓▓▓▓▓▓▓ !?)[.....)......@$C.z..+ ▓▓▓▓▓▓▓▓▓▓▓▓▓▓▓▓▓▓▓▓▓▓▓▓

You could see a cyclops and a laughing skull.

Vanquished Creatures
  A two-headed ogre (D)
  A gargoyle (D)
  A yak (D)
  A wyvern (D)
  A wraith (D)
  A steam dragon (D)
  A vampire mosquito (D)
  A centaur (D)
  A scorpion (D)
  A hound (D)
  An orc wizard (D)
  An orc (D)
  A giant cockroach (D)
  2 quokkas (D)
  3 ball pythons (D)
  A rat (D)
19 creatures vanquished.

Notes
Turn   | Place    | Note
-------+----------+-------------------------------------------
     0 | D        | Heoruswealwe the Minotaur Fighter began the quest for the
                  | Orb.
     0 | D        | Reached XP level 1. HP: 19/19 MP: 0/0
     8 | D        | Reached skill level 3 in Polearms
    18 | D        | Noticed a hound
    18 | D        | Noticed a scorpion
    19 | D        | Killed a hound
    20 | D        | Reached skill level 5 in Fighting
    20 | D        | Reached skill level 5 in Polearms
    20 | D        | Reached skill level 5 in Armour
    20 | D        | Reached XP level 2. HP: 29/29 MP: 1/1
    20 | D        | Reached XP level 3. HP: 36/36 MP: 2/2
    26 | D        | Reached skill level 6 in Polearms
    32 | D        | Killed a scorpion
    33 | D        | Reached skill level 7 in Polearms
    33 | D        | Reached XP level 4. HP: 31/45 MP: 3/3
    39 | D        | Found a snail-covered altar of Cheibriados.
    39 | D        | Found a shadowy altar of Dithmenos.
    39 | D        | Found a white marble altar of Elyvilon.
    39 | D        | Found a blossoming altar of Fedhas.
    39 | D        | Found an opulent altar of Gozag.
    40 | D        | Found a hazy altar of Hepliaklqana.
    41 | D        | Found a viscous altar of Jiyva.
    42 | D        | Found an ancient bone altar of Kikubaaqudgha.
    43 | D        | Found a corrupted altar of Lugonu.
    44 | D        | Found a burning altar of Makhleb.
    45 | D        | Found a sparkling altar of Nemelex Xobeh.
    46 | D        | Found an iron altar of Okawaru.
    47 | D        | Became a worshipper of Gozag Ym Sagoz the Greedy
    48 | D        | Found a stormy altar of Qazlal.
    49 | D        | Found a sacrificial altar of Ru.
    50 | D        | Found a shimmering blue altar of Sif Muna.
    51 | D        | Found a bloodstained altar of Trog.
    52 | D        | Found a hide-covered altar of Uskayaw.
    53 | D        | Found a radiant altar of Vehumet.
    54 | D        | Found an ornate altar of the Wu Jian Council.
    55 | D        | Found a shimmering altar of Xom.
    56 | D        | Found a basalt altar of Yredelemnul.
    57 | D        | Found a glowing silver altar of Zin.
    58 | D        | Found a glowing golden altar of the Shining One.
    66 | D        | Found the +5 glaive of the Guard {elec, spectral}
   115 | D        | Noticed a steam dragon
   115 | D        | Noticed a yak
   115 | D        | Noticed a centaur
   115 | D        | Noticed a wyvern
   115 | D        | Noticed a two-headed ogre
   118 | D        | Killed a steam dragon
   119 | D        | Reached skill level 10 in Polearms
   119 | D        | Reached XP level 5. HP: 32/53 MP: 4/4
   120 | D        | Killed a yak
   121 | D        | Reached skill level 11 in Polearms
   121 | D        | Reached XP level 6. HP: 39/63 MP: 5/5
   123 | D        | Killed a two-headed ogre
   124 | D        | Reached skill level 14 in Polearms
   124 | D        | Reached XP level 7. HP: 44/74 MP: 6/6
   126 | D        | Reached XP level 8. HP: 50/82 MP: 7/7
   131 | D        | Reached skill level 15 in Polearms
   224 | D        | Noticed a gargoyle
   224 | D        | Noticed a cyclops
   235 | D        | Killed a gargoyle
   236 | D        | Reached skill level 16 in Polearms
   236 | D        | Slain by a shadow

Illustrated notes

Levels and vault maps discovered:
D:        linesprint [early_d, line_temple, items_1, d_10, items_2, lair_1,
          lair_end, items_3, orc_1, orc_end, items_4, d_15, swamp_1, shoals_1,
          snake_1, spider_1, d_20, vaults_1, items_5, swamp_end, shoals_end,
          snake_end, spider_end, vaults_end, d_27, items_6, zot_1, zot_end,
          crypt_end, forest_end, elf_end, slime_end, tomb_end, abyss_end,
          pan_hell_end]

Skill      XL: |  1  2  3  4  5  6  7  8 |
---------------+-------------------------+-----
Polearms       | 5 7 10 11 14 16 | 16.5
Fighting       | 5 6 8 9 11 12 | 12.3
Armour         | 5 6 8 9 11 12 | 12.4
Shields        | |  3.6

Action                     |  1- 3 |  4- 6 |  7- 9 || total
---------------------------+-------+-------+-------++-------
  Melee: Trident           |    22 |       |       ||    22
         Headbutt          |     4 |     3 |     3 ||    10
         Glaive            |       |     8 |    14 ||    22
    Use: Potion            |       |       |     2 ||     2
 Armour: Scale mail        |     9 |     4 |    10 ||    23
  Dodge: Dodged            |     7 |     7 |     2 ||    16
  Block: Buckler           |     2 |       |       ||     2
